[Event "Titled Tuesday Blitz June 13 Late 2023"]
[White "Melian, Juan Sebastian"]
[Black "Zhukov, Maksim"]
[WhiteFideId "3706575"]
[BlackFideId "34181790"]
[WhiteElo "2092"]
[BlackElo "1925"]
[Result "1/2-1/2"]
[Round "3"]
[TimeControl "180+2"]
[Date "2023.06.13"]
[WhiteClock "0:00:07"]
[BlackClock "0:00:08"]
[Board "164"]

1. d4 Nf6 2. Bg5 c5 3. d5 Ne4 4. Bc1 e6 5. f3 Nf6 6. e4 exd5 7. exd5 d6 8. Nc3 Be7 9. Be3 O-O 10. Qd2 a6 11. a4 Bf5 12. Bd3 Bxd3 13. Qxd3 Nbd7 14. Nh3 Ne5 15. Qe2 b5 16. axb5 axb5 17. O-O b4 18. Rxa8 Qxa8 19. Ne4 Qxd5 20. Rd1 Qc4 21. Nxf6+ Bxf6 22. Qf2 Rd8 23. Nf4 Ng6 24. b3 Qa6 25. Nd5 Bc3 26. Nxc3 bxc3 27. Bxc5 d5 28. Bd4 Nf4 29. Re1 Qg6 30. Kh1 h5 31. g3 Ne6 32. Be5 d4 33. f4 Qf5 34. Rd1 d3 35. Bxc3 dxc2 36. Rxd8+ Nxd8 37. Bb2 Qe4+ 38. Kg1 Ne6 39. Qd2 Nd4 40. Bxd4 Qxd4+ 41. Qxd4 c1=Q+ 42. Kg2 Qc2+ 43. Kh3 Qf5+ 44. Kg2 Qc2+ 45. Kf3 Qxb3+ 46. Qe3 Qd5+ 47. Kf2 Qh1 48. h4 Qh2+ 49. Kf3 Qh1+ 50. Ke2 Qg2+ 51. Kd3 Qd5+ 52. Qd4 Qxd4+ 53. Kxd4 f6 54. Kd5 Kf7 55. f5 Ke7 56. Kc6 Kf7 57. Kd7 Kf8 58. Kd8 Kf7 59. Kd7 Kf8 60. Kd6 Kf7 61. Kc6 Ke7 62. Kc7 Ke8 63. Kc8 Ke7 64. Kc7 Ke8 65. Kd6 Kd8 66. Ke6 Ke8 67. Kd6 Kf7 68. Kd7 1/2-1/2


[Site "https://www.chess.com"]

[Event "Titled Tuesday Blitz June 13 Late 2023"]
[White "Kostiukov, Alexandr"]
[Black "Ai, Evan"]
[WhiteFideId "14108100"]
[BlackFideId "2094770"]
[WhiteElo "2202"]
[BlackElo "1963"]
[Result "0-1"]
[Round "3"]
[TimeControl "180+2"]
[Date "2023.06.13"]
[WhiteClock "0:00:00"]
[BlackClock "0:00:03"]
[Board "165"]

1. g3 d5 2. Bg2 e5 3. c4 Nf6 4. cxd5 Nxd5 5. Nf3 Nc6 6. O-O Be6 7. d4 exd4 8. Nxd4 Nxd4 9. Qxd4 c6 10. Rd1 Qf6 11. Qxf6 Nxf6 12. Nc3 Bb4 13. Bg5 Bxc3 14. bxc3 Nd5 15. c4 Nb6 16. c5 Nd7 17. Rab1 Nxc5 18. Be3 Na4 19. Rxb7 O-O 20. Rc1 Bxa2 21. Bxa7 Bd5 22. e4 Be6 23. Rxc6 Nb2 24. h4 Nc4 25. Bc5 Rfd8 26. Rb1 Rac8 27. Rxc8 Rxc8 28. Bd4 g6 29. Bf6 Nd2 30. Rd1 Nb3 31. f4 Nc5 32. Kh2 Bb3 33. Rc1 Be6 34. Bh3 Nxe4 35. Rxc8+ Bxc8 36. Be5 Bxh3 37. Kxh3 f5 0-1


[Site "https://www.chess.com"]

[Event "Titled Tuesday Blitz June 13 Late 2023"]
[White "marik_spb"]
[Black "Rodriguez Santiago, Jaime"]
[BlackFideId "3100898"]
[WhiteElo "2460"]
[BlackElo "2025"]
[Result "1-0"]
[Round "3"]
[TimeControl "180+2"]
[Date "2023.06.13"]
[WhiteClock "0:01:57"]
[BlackClock "0:00:28"]
[Board "166"]

1. e4 c6 2. c4 d5 3. cxd5 cxd5 4. exd5 Nf6 5. Qa4+ Bd7 6. Qb3 b6 7. Nc3 g6 8. Nf3 Bg7 9. Bc4 O-O 10. O-O Bg4 11. Ne5 Nbd7 12. d4 Rc8 13. Nc6 Rxc6 14. dxc6 Nb8 15. d5 Qc7 16. Re1 Ne8 17. h3 Bc8 18. Bg5 Bf6 19. Bxf6 Nxf6 20. Nb5 Qf4 21. Nxa7 Bf5 22. Rxe7 Ne4 23. Qe3 Qh4 24. c7 1-0


[Site "https://www.chess.com"]

[Event "Titled Tuesday Blitz June 13 Late 2023"]
[White "Sarkar, Justin"]
[Black "Mazibuko, Khanya"]
[WhiteFideId "2010011"]
[BlackFideId "14321041"]
[WhiteElo "2151"]
[BlackElo "1873"]
[Result "0-1"]
[Round "3"]
[TimeControl "180+2"]
[Date "2023.06.13"]
[WhiteClock "0:00:00"]
[BlackClock "0:02:29"]
[Board "167"]

1. e4 c5 2. Nf3 Nc6 3. d4 cxd4 4. Nxd4 g6 5. c4 Bg7 6. Be3 Nf6 7. Nc3 O-O 8. Be2 d6 9. Rc1 Bd7 10. O-O Nxd4 11. Bxd4 Bc6 12. f3 a5 13. b3 Nd7 14. Be3 Nc5 15. Qd2 Qb6 16. Nd5 Bxd5 17. cxd5 Rfc8 18. Rc4 Qd8 19. Rfc1 b6 20. R4c2 h5 21. Bb5 Kh7 22. Bc6 Rab8 23. Rc4 Qf8 24. Rf1 Bh6 25. Bxh6 Qxh6 26. Qxh6+ Kxh6 27. Rd1 e5 28. Kf2 f5 29. Ke3 Rf8 30. Rc3 fxe4 31. fxe4 Rf4 0-1


[Site "https://www.chess.com"]

[Event "Titled Tuesday Blitz June 13 Late 2023"]
[White "ArchibaldCerveza29"]
[Black "Celestino, Rafael Teixeira"]
[BlackFideId "2108925"]
[WhiteElo "2441"]
[BlackElo "2279"]
[Result "1-0"]
[Round "3"]
[TimeControl "180+2"]
[Date "2023.06.13"]
[WhiteClock "0:01:03"]
[BlackClock "0:00:41"]
[Board "168"]

1. e4 e5 2. Nf3 Nc6 3. Bc4 Bc5 4. O-O Nf6 5. d4 Bxd4 6. Nxd4 Nxd4 7. Bg5 h6 8. Bh4 g5 9. f4 d5 10. exd5 Ne4 11. fxe5 gxh4 12. Qxd4 Ng5 13. e6 O-O 14. exf7+ Nxf7 15. Nc3 Bd7 16. Ne4 Nd6 17. Nf6+ Rxf6 18. Rxf6 Nf5 19. d6+ Kh7 20. Rf7+ Kg6 21. Qg4+ Qg5 22. Qxg5+ hxg5 23. Rxd7 1-0


[Site "https://www.chess.com"]

[Event "Titled Tuesday Blitz June 13 Late 2023"]
[White "KorolDimitriy75"]
[Black "Matsuura, Frederico"]
[BlackFideId "2107848"]
[WhiteElo "2424"]
[BlackElo "2302"]
[Result "0-1"]
[Round "3"]
[TimeControl "180+2"]
[Date "2023.06.13"]
[WhiteClock "0:00:04"]
[BlackClock "0:00:15"]
[Board "169"]

1. d4 e6 2. c4 d5 3. Nc3 Nf6 4. Bg5 Be7 5. cxd5 exd5 6. e3 c6 7. Bd3 Nbd7 8. Qc2 Nh5 9. Bxe7 Qxe7 10. Nge2 g6 11. O-O O-O 12. Rae1 Ndf6 13. Qd2 Be6 14. f3 c5 15. dxc5 Qxc5 16. Nd4 Ng7 17. Rd1 Rac8 18. Rfe1 a6 19. a3 Rfe8 20. h3 Qc7 21. Bb1 Qc4 22. Ba2 Qc7 23. Nxe6 fxe6 24. e4 dxe4 25. Nxe4 Nxe4 26. Rxe4 Rcd8 27. Rd4 Rxd4 28. Qxd4 Nf5 29. Qf6 Qf7 30. Qe5 Qe7 31. Kh2 Kf7 32. Rc1 Rd8 33. Rc7 Rd7 34. Rc8 Qd6 35. Qxd6 Nxd6 36. Rh8 Kf6 37. b4 g5 38. Rb8 Nf5 39. Bb1 h5 40. Be4 Nd6 41. Bd3 h4 42. Kg1 Nf5 43. Be4 Nd6 44. Bd3 Ke5 45. Kf2 Nf5 46. Be4 Nd6 47. Bd3 Rc7 48. Ke2 Nf5 49. Kf2 Rc3 50. Be4 Rxa3 51. Rxb7 Ra2+ 52. Kg1 Ng3 53. Rb6 Kf4 54. Bd3 e5 55. Rxa6 Rb2 56. b5 Rd2 57. Bc4 Ke3 58. b6 Rd1+ 59. Kh2 Rh1# 0-1


[Site "https://www.chess.com"]

[Event "Titled Tuesday Blitz June 13 Late 2023"]
[White "Magallanes, Rey Jomar"]
[Black "Bouget, Alexandre"]
[WhiteFideId "5205948"]
[BlackFideId "681318"]
[WhiteElo "2270"]
[BlackElo "2189"]
[Result "0-1"]
[Round "3"]
[TimeControl "180+2"]
[Date "2023.06.13"]
[WhiteClock "0:01:25"]
[BlackClock "0:00:41"]
[Board "170"]

1. e4 g6 2. d4 Bg7 3. Nf3 c6 4. Nc3 d5 5. e5 Nh6 6. Bd3 Nf5 7. Bf4 h5 8. Qd2 b5 9. O-O-O Qa5 10. h3 Nd7 11. g4 Nh6 12. gxh5 gxh5 13. Rhg1 Bf8 14. e6 Nb6 15. exf7+ Nxf7 16. Bg6 Nc4 17. Bxf7+ Kxf7 18. Ne5+ Ke8 19. Qe2 Qb4 20. Nxc4 bxc4 21. Be5 Bh6+ 22. f4 Rb8 23. Qxh5+ Kd8 24. Bxh8 Bxf4+ 25. Rd2 Qxb2+ 26. Kd1 Qa1+ 27. Ke2 Qxg1 28. Qf3 Qh2+ 29. Kf1 Qxd2 0-1


[Site "https://www.chess.com"]

[Event "Titled Tuesday Blitz June 13 Late 2023"]
[White "Kubatko, Ivan"]
[Black "Vila Dupla, Aurelio"]
[WhiteFideId "24111473"]
[BlackFideId "2203383"]
[WhiteElo "2285"]
[BlackElo "2009"]
[Result "1-0"]
[Round "3"]
[TimeControl "180+2"]
[Date "2023.06.13"]
[WhiteClock "0:00:18"]
[BlackClock "0:00:00"]
[Board "171"]

1. e4 c5 2. c3 d5 3. exd5 Qxd5 4. d4 Nf6 5. Nf3 Bg4 6. Be2 e6 7. h3 Bh5 8. Be3 cxd4 9. cxd4 Nc6 10. Nc3 Bb4 11. O-O Bxc3 12. bxc3 O-O 13. Qb3 Na5 14. Qxd5 Nxd5 15. c4 Nxe3 16. fxe3 b6 17. Rfc1 Rac8 18. Kf2 Rc7 19. g4 Bg6 20. Ne5 Be4 21. Rc3 f6 22. Nf3 Rfc8 23. Rac1 Bd5 24. Nd2 b5 25. c5 a6 26. a3 Nc6 27. e4 Bc4 28. Nxc4 bxc4 29. Bxc4 Nxd4 30. Ke3 Rd8 31. Rd3 Rcd7 32. c6 1-0


[Site "https://www.chess.com"]

[Event "Titled Tuesday Blitz June 13 Late 2023"]
[White "Liu, Kelsey"]
[Black "Fernandez, Maria Florencia"]
[WhiteFideId "30944481"]
[BlackFideId "116459"]
[WhiteElo "2264"]
[BlackElo "2074"]
[Result "0-1"]
[Round "3"]
[TimeControl "180+2"]
[Date "2023.06.13"]
[WhiteClock "0:00:12"]
[BlackClock "0:00:09"]
[Board "172"]

1. e4 c5 2. Nf3 d6 3. c3 Nf6 4. h3 g6 5. Bd3 Bg7 6. O-O O-O 7. Bc2 e5 8. d4 Nc6 9. Be3 b6 10. Nbd2 Bb7 11. a4 Re8 12. Re1 exd4 13. cxd4 Nb4 14. e5 dxe5 15. dxe5 Nfd5 16. Nc4 Nxc2 17. Qxc2 Nxe3 18. Rxe3 Bxf3 19. gxf3 Qg5+ 20. Kh2 Bxe5+ 21. Kh1 Bc7 22. Rae1 Rxe3 23. Rxe3 Qf4 24. Kg1 Rd8 25. Kf1 Qh2 26. Ke2 Qxh3 27. Qe4 Qh1 28. Nd2 Qc1 29. Rd3 Rf8 30. Rd7 Bh2 31. Qh4 Be5 32. Qe4 Bg7 33. Re7 Qxb2 34. Rxa7 Qb4 35. Rd7 Qxe4+ 36. fxe4 Ra8 37. Rb7 Rxa4 38. Rxb6 Bd4 39. Rb8+ Kg7 40. f3 Ra2 41. Rb7 Bc3 42. Rd7 Bxd2 43. Rxd2 Rxd2+ 44. Kxd2 h5 45. Kd3 h4 46. Kc4 h3 47. Kxc5 h2 48. Kd5 h1=Q 49. e5 Qxf3+ 50. Kd6 Qf5 51. e6 Qxe6+ 52. Kc7 f5 53. Kb8 f4 54. Kb7 f3 0-1


[Site "https://www.chess.com"]

[Event "Titled Tuesday Blitz June 13 Late 2023"]
[White "Wang, Alexander J"]
[Black "Goncalves, Davi Sulzbacher"]
[WhiteFideId "30955270"]
[BlackFideId "2154510"]
[WhiteElo "2252"]
[BlackElo "2182"]
[Result "0-1"]
[Round "3"]
[TimeControl "180+2"]
[Date "2023.06.13"]
[WhiteClock "0:00:23"]
[BlackClock "0:01:32"]
[Board "173"]

1. e4 c6 2. d4 d6 3. Nf3 g6 4. Nc3 Bg7 5. Bc4 b5 6. Bb3 a5 7. a4 b4 8. Ne2 Ba6 9. O-O e6 10. Re1 Ne7 11. Bf4 O-O 12. Ng3 c5 13. dxc5 dxc5 14. Qxd8 Rxd8 15. Be5 Nbc6 16. Bxg7 Kxg7 17. Rad1 c4 18. Ba2 e5 19. Nd2 Nd4 20. c3 b3 21. Bb1 Ne6 22. Nf3 f6 23. Kf1 Nc5 24. Rxd8 Rxd8 25. Ke2 Nxa4 0-1


[Site "https://www.chess.com"]

[Event "Titled Tuesday Blitz June 13 Late 2023"]
[White "Rangel, Daniel"]
[Black "Krasteva, Beloslava"]
[WhiteFideId "2124475"]
[BlackFideId "2922029"]
[WhiteElo "2231"]
[BlackElo "2187"]
[Result "0-1"]
[Round "3"]
[TimeControl "180+2"]
[Date "2023.06.13"]
[WhiteClock "0:00:23"]
[BlackClock "0:00:36"]
[Board "174"]

1. d4 Nf6 2. c4 e6 3. Nc3 h6 4. e3 Bb4 5. Bd3 O-O 6. Ne2 d5 7. a3 Be7 8. cxd5 exd5 9. Nf4 b6 10. Qc2 Bb7 11. g4 c5 12. Rg1 Re8 13. h4 cxd4 14. exd4 Ne4 15. Kf1 Bxh4 16. Be3 Nd7 17. Ncxd5 Rc8 18. Qb1 Ndf6 19. Nxf6+ Qxf6 20. Kg2 Nd2+ 21. Kh3 Nxb1 22. Raxb1 Bxf2 23. Bxf2 Qxf4 24. Rg3 0-1


[Site "https://www.chess.com"]

[Event "Titled Tuesday Blitz June 13 Late 2023"]
[White "Abduzhaparov"]
[Black "SicilianPanzer"]
[WhiteElo "2407"]
[BlackElo "2234"]
[Result "0-1"]
[Round "3"]
[TimeControl "180+2"]
[Date "2023.06.13"]
[WhiteClock "0:00:00"]
[BlackClock "0:00:05"]
[Board "175"]

1. Nf3 Nf6 2. c4 e6 3. g3 a6 4. Bg2 b5 5. b3 Bb7 6. O-O c5 7. Bb2 Be7 8. d4 Qb6 9. Nbd2 O-O 10. Qc2 d5 11. dxc5 Bxc5 12. Ng5 Bd4 13. Bxd4 Qxd4 14. cxd5 Bxd5 15. Ndf3 Qb6 16. e4 Qc6 17. Qb1 Nxe4 18. Ne5 Qd6 19. Bxe4 Qxe5 20. Bxh7+ Kh8 21. Bg8 Be4 22. Qxe4 Qxe4 23. Nxe4 Kxg8 24. Rac1 Nd7 25. Rfd1 Ne5 26. f4 Ng4 27. h3 Ne3 28. Rd6 Rac8 29. Rcc6 Rxc6 30. Rxc6 a5 31. Ra6 Rc8 32. Kf2 Nd5 33. Ng5 Rc2+ 34. Kf3 g6 35. Ra8+ Kg7 36. Ra7 Rc3+ 37. Kf2 Rc2+ 38. Ke1 Rxa2 39. Rxf7+ Kg8 40. Rb7 Nc3 41. Nxe6 Rb2 42. Ng5 Rxb3 43. f5 gxf5 44. h4 Ne4 45. Ne6 Re3+ 46. Kd1 Nc3+ 47. Kd2 Rxe6 48. Kxc3 Re5 49. Ra7 b4+ 50. Kb3 Re3+ 51. Ka4 Ra3+ 52. Kb5 Rxg3 53. Rxa5 Rg4 0-1


[Site "https://www.chess.com"]

[Event "Titled Tuesday Blitz June 13 Late 2023"]
[White "SalihEke"]
[Black "Sivakumar, Shaaketh"]
[BlackFideId "30940176"]
[WhiteElo "2233"]
[BlackElo "2174"]
[Result "1-0"]
[Round "3"]
[TimeControl "180+2"]
[Date "2023.06.13"]
[WhiteClock "0:01:05"]
[BlackClock "0:00:09"]
[Board "176"]

1. e4 e6 2. d3 d5 3. Nc3 c5 4. Nf3 d4 5. Ne2 g6 6. g3 Nc6 7. Bg2 Bg7 8. O-O Nge7 9. Nd2 O-O 10. a4 Rb8 11. Nc4 a6 12. a5 Ne5 13. Nxe5 Bxe5 14. Bh6 Re8 15. f4 Bh8 16. Qd2 Nc6 17. g4 Bd7 18. h3 Qe7 19. Ng3 Rbd8 20. Bg5 f6 21. Bh4 h6 22. g5 f5 23. e5 h5 24. Qe2 Nb4 25. c3 dxc3 26. bxc3 Nd5 27. Bxd5 exd5 28. d4 Bb5 29. Qf3 Bxf1 30. Rxf1 cxd4 31. cxd4 Qb4 32. Rd1 Rc8 33. Nxf5 gxf5 34. Qxd5+ Kf8 35. g6 Rc7 36. Bf6 Bxf6 37. exf6 Re1+ 38. Kf2 Rc2+ 39. Kg3 Re3+ 40. Kh4 Rxh3+ 41. Kxh3 Qb3+ 42. Qxb3 1-0


[Site "https://www.chess.com"]

[Event "Titled Tuesday Blitz June 13 Late 2023"]
[White "Martinez, Ayelen"]
[Black "Mazurkiewicz, Michal"]
[WhiteFideId "118702"]
[BlackFideId "1124943"]
[WhiteElo "2074"]
[BlackElo "2063"]
[Result "1-0"]
[Round "3"]
[TimeControl "180+2"]
[Date "2023.06.13"]
[WhiteClock "0:00:28"]
[BlackClock "0:00:00"]
[Board "177"]

1. e4 d6 2. d4 Nf6 3. Nc3 c6 4. Nf3 Bg4 5. Be2 e6 6. h3 Bh5 7. Bg5 Be7 8. Qd2 d5 9. e5 Nfd7 10. O-O-O a6 11. g4 Bg6 12. h4 h5 13. Bxe7 Qxe7 14. gxh5 Bxh5 15. Ng5 c5 16. Bxh5 Rxh5 17. Qe2 Rh6 18. dxc5 Nc6 19. f4 Qxc5 20. Nxd5 exd5 21. e6 fxe6 22. Nxe6 Qe7 23. Nc7+ Kd8 24. Qxe7+ Nxe7 25. Nxa8 Rc6 26. h5 Rd6 27. Rhe1 Nf5 28. Rd3 Nf6 29. Rc3 Ne4 30. Rb3 Kc8 31. Nb6+ Kc7 32. Na4 Nd4 33. Ra3 Rg6 34. Nc3 Rg2 35. Nxd5+ Kd6 36. Ne3 1-0


[Site "https://www.chess.com"]

[Event "Titled Tuesday Blitz June 13 Late 2023"]
[White "Chemin, Justo Reinaldo"]
[Black "Ochkoos, Jura"]
[WhiteFideId "2101580"]
[BlackFideId "2601214"]
[WhiteElo "1940"]
[BlackElo "2139"]
[Result "1-0"]
[Round "3"]
[TimeControl "180+2"]
[Date "2023.06.13"]
[WhiteClock "0:00:08"]
[BlackClock "0:00:53"]
[Board "179"]

1. d4 d5 2. Nf3 e6 3. b3 Nf6 4. Bb2 a5 5. e3 a4 6. Bd3 a3 7. Bc1 c6 8. O-O b6 9. c4 Bb4 10. Bd2 c5 11. Bxb4 cxb4 12. Nbd2 O-O 13. Rc1 Bb7 14. Qe2 Nbd7 15. Rfe1 h6 16. e4 dxe4 17. Nxe4 Nxe4 18. Bxe4 Bxe4 19. Qxe4 Nf6 20. Qc6 Rc8 21. Qb5 Qd6 22. c5 bxc5 23. dxc5 Qb8 24. Qxb8 Rxb8 25. c6 Nd5 26. Ne5 Rbc8 27. Rc4 Rc7 28. Rec1 Rfc8 29. Kf1 Kf8 30. Nd3 Rb8 31. Nc5 Ke7 32. Na6 Rbc8 33. Nxc7 Rxc7 34. g3 Kd6 35. Ke2 h5 36. Kd3 g6 37. h4 Ke5 38. Rc5 Kd6 39. f4 Ne7 40. Rb5 Nd5 41. Rb7 Ne7 42. Rxc7 Kxc7 43. Kc4 Nd5 44. Rd1 Kxc6 45. Rxd5 exd5+ 46. Kxb4 f6 47. Kxa3 Kc5 48. Kb2 Kd4 49. Kc2 Ke3 50. Kd1 Kf3 51. a4 Kxg3 52. a5 g5 53. a6 gxf4 54. a7 f3 55. a8=Q f2 56. Ke2 f1=Q+ 57. Kxf1 1-0


[Site "https://www.chess.com"]

[Event "Titled Tuesday Blitz June 13 Late 2023"]
[White "Ferriz Barrios, Andres"]
[Black "Nikologorsky, Matfei"]
[WhiteFideId "5104467"]
[BlackFideId "24102474"]
[WhiteElo "2211"]
[BlackElo "2153"]
[Result "0-1"]
[Round "3"]
[TimeControl "180+2"]
[Date "2023.06.13"]
[WhiteClock "0:01:23"]
[BlackClock "0:00:20"]
[Board "180"]

1. e4 c5 2. d4 cxd4 3. c3 dxc3 4. Nxc3 Nc6 5. Nf3 d6 6. Bc4 e6 7. O-O Nf6 8. Qe2 Be7 9. Rd1 e5 10. Bg5 Bg4 11. h3 Bxf3 12. Qxf3 O-O 13. Bb5 Nd4 14. Qd3 Nh5 15. Bxe7 Qxe7 16. Nd5 Qg5 17. Ba4 Nf4 18. Nxf4 Qxf4 19. g3 Qh6 20. Qe3 Qxh3 21. Rd3 Rac8 22. Qd2 b5 23. Bd1 f5 24. exf5 Qxf5 25. Rxd4 exd4 26. Qxd4 Qe5 27. Qd2 Kh8 28. Bg4 Rce8 29. Rd1 Qc5 30. Qd4 Re1+ 31. Kg2 Qc6+ 32. f3 Qc2+ 33. Rd2 Re2+ 34. Rxe2 Qxe2+ 35. Qf2 Qxf2+ 36. Kxf2 Re8 37. Bd7 Re7 38. Bxb5 Rb7 39. a4 Kg8 40. b3 Kf7 41. Ke3 Ke6 42. Kd4 Rc7 43. f4 Rc1 44. g4 g6 45. Bc4+ Kd7 46. Bb5+ Ke7 47. Kd5 h5 48. f5 hxg4 49. fxg6 Rd1+ 50. Ke4 Kf6 51. Kf4 Rd4+ 52. Kg3 Kxg6 53. Be2 Kg5 54. a5 Rb4 55. Bc4 Rb8 56. Be6 Rb4 57. Bc4 Kf5 58. Bd5 Ke5 59. Bf7 Kd4 60. Kxg4 Kc3+ 61. Kf5 Kd4 62. Ke6 Kc5 63. Kd7 Rb5 64. a6 Rb6 65. Bc4 d5 66. Be2 Rxb3 67. Kc7 d4 68. Bf3 d3 69. Bb7 d2 70. Kb8 d1=Q 71. Kxa7 Qd8 72. Ba8 Qb8# 0-1


[Site "https://www.chess.com"]

[Event "Titled Tuesday Blitz June 13 Late 2023"]
[White "Bueno, Alfeu Junior Varela"]
[Black "Cluke86"]
[WhiteFideId "2108879"]
[WhiteElo "2175"]
[BlackElo "2211"]
[Result "1-0"]
[Round "3"]
[TimeControl "180+2"]
[Date "2023.06.13"]
[WhiteClock "0:00:11"]
[BlackClock "0:00:03"]
[Board "181"]

1. e4 d6 2. d4 Nf6 3. Nf3 Nxe4 4. Bd3 Nf6 5. O-O Bg4 6. Re1 e6 7. c3 Be7 8. Bf4 Nbd7 9. Nbd2 h6 10. h3 Bxf3 11. Nxf3 O-O 12. Qb3 c5 13. Qxb7 Rb8 14. Qxa7 Rxb2 15. Reb1 Rxb1+ 16. Rxb1 Nd5 17. Bd2 cxd4 18. Nxd4 Ne5 19. Be4 Qa8 20. Rb7 Qxa7 21. Rxa7 Bf6 22. a4 Nc4 23. Bxd5 Nxd2 24. Bc6 Rc8 25. Ra6 d5 26. f3 Bxd4+ 27. cxd4 Nb3 28. Bb7 Rc4 29. Bc6 Nxd4 30. Ra8+ Kh7 31. Be8 Rc7 32. a5 Nb3 33. a6 Nc5 34. Bb5 Kg6 35. Kf2 e5 36. Rb8 Ra7 37. Rb6+ f6 38. Rc6 Nd7 39. Rd6 Nb8 40. Rb6 Ra8 41. a7 Rxa7 42. Rxb8 Ra2+ 43. Kg3 f5 44. Bc6 d4 45. Rb6 Kg5 46. Bd5 Rd2 47. Bf7 f4+ 48. Kh2 d3 49. Rg6+ Kf5 50. Rd6 Rd1 51. Bg6+ Kg5 52. Rxd3 Rxd3 53. Bxd3 Kh4 54. Be4 g5 55. Bd5 h5 56. Be6 g4 57. hxg4 hxg4 58. Bxg4 e4 59. Bf5 e3 60. Bd3 Kg5 61. Kh3 Kh5 62. Be2 Kg5 63. Kh2 Kh4 64. Kg1 Kg3 65. Kh1 Kf2 66. Bc4 e2 67. Bxe2 Kxe2 68. Kh2 Kf2 69. Kh3 Kf1 70. Kg4 Kxg2 71. Kxf4 Kh3 72. Kg5 Kg3 73. f4 1-0


[Site "https://www.chess.com"]

[Event "Titled Tuesday Blitz June 13 Late 2023"]
[White "Pesotskiy, Mikhail"]
[Black "Novikova, Margarita"]
[WhiteFideId "34164453"]
[BlackFideId "14109689"]
[WhiteElo "2131"]
[BlackElo "2013"]
[Result "1-0"]
[Round "3"]
[TimeControl "180+2"]
[Date "2023.06.13"]
[WhiteClock "0:00:23"]
[BlackClock "0:00:20"]
[Board "182"]

1. d4 e5 2. dxe5 Nc6 3. Nf3 Qe7 4. Nbd2 Nxe5 5. Nxe5 Qxe5 6. Nf3 Qd6 7. Bd2 Nf6 8. e3 Ne4 9. Bd3 Nxd2 10. Qxd2 Qb4 11. c3 Qa5 12. O-O Be7 13. e4 d6 14. Rfe1 Bg4 15. Qf4 Bxf3 16. Qxf3 Qe5 17. Qg3 Qxg3 18. hxg3 Bf6 19. f4 O-O-O 20. Bc4 Rhf8 21. g4 Bh4 22. Re3 h6 23. g3 Be7 24. Kg2 c6 25. Rd1 Kc7 26. a4 a5 27. Kf3 Rb8 28. Be2 b5 29. axb5 cxb5 30. Rd5 Kc6 31. c4 bxc4 32. Bxc4 Bd8 33. b3 Bc7 34. Rc3 Kd7 35. Bb5+ Kd8 36. Rc6 Rb6 37. Rdxd6+ Bxd6 38. Rxb6 Kc7 39. Rc6+ Kd7 40. Ra6+ Ke7 41. Ra7+ Ke6 42. Bc4+ Kf6 43. e5+ Bxe5 44. fxe5+ Kxe5 45. Rxa5+ Kd4 46. Ra7 f5 47. Rxg7 fxg4+ 48. Kxg4 1-0


[Site "https://www.chess.com"]

[Event "Titled Tuesday Blitz June 13 Late 2023"]
[White "Ozalp, Burak"]
[Black "Fuentes Godoy, Lilia Ivonne"]
[WhiteFideId "6314210"]
[BlackFideId "5104130"]
[WhiteElo "2106"]
[BlackElo "2024"]
[Result "1-0"]
[Round "3"]
[TimeControl "180+2"]
[Date "2023.06.13"]
[WhiteClock "0:00:19"]
[BlackClock "0:00:00"]
[Board "183"]

1. Nf3 d5 2. e3 c6 3. b3 Nf6 4. Bb2 Bf5 5. c4 e6 6. Be2 Nbd7 7. O-O Be7 8. d3 O-O 9. Nh4 Bg6 10. Nd2 e5 11. Nxg6 hxg6 12. cxd5 cxd5 13. Rc1 Bd6 14. a3 Qe7 15. b4 Rfc8 16. Qb3 b5 17. Qa2 Nb6 18. Nb3 Na4 19. Na5 Qd7 20. Ba1 Rxc1 21. Rxc1 Rc8 22. Qb1 a6 23. Rc2 Nb6 24. Qc1 Rc7 25. h3 Qc8 26. Rxc7 Qxc7 27. Qxc7 Bxc7 28. Nb3 Nfd7 29. e4 d4 30. Bg4 Kf8 31. Bb2 Ke7 32. Bc1 f6 33. g3 Na4 34. Kf1 Nf8 35. h4 Ne6 36. Ke1 Bd6 37. h5 gxh5 38. Bxh5 Nf8 39. f4 g6 40. Bg4 Ne6 41. f5 gxf5 42. Bxf5 Ng7 43. Bc8 a5 44. bxa5 b4 45. a6 Nb6 46. a7 bxa3 47. Bb7 a2 48. Bd2 Ba3 49. Ba5 Na8 50. Bxa8 Bb2 51. Bd5 1-0


[Site "https://www.chess.com"]

[Event "Titled Tuesday Blitz June 13 Late 2023"]
[White "Fernandez Hernandez, Gerardo"]
[Black "Fajdetic, Hrvoje"]
[WhiteFideId "2207400"]
[BlackFideId "14501945"]
[WhiteElo "2184"]
[BlackElo "2185"]
[Result "0-1"]
[Round "3"]
[TimeControl "180+2"]
[Date "2023.06.13"]
[WhiteClock "0:00:00"]
[BlackClock "0:00:07"]
[Board "184"]

1. e4 c5 2. d3 Nc6 3. g3 g6 4. Bg2 Bg7 5. f4 e6 6. Nf3 Nge7 7. O-O d5 8. e5 h5 9. Be3 d4 10. Bf2 O-O 11. Na3 Nf5 12. Qe2 Nce7 13. Nc4 b5 14. Nd6 Nxd6 15. exd6 Qxd6 16. Nxd4 Rb8 17. Nb3 c4 18. dxc4 bxc4 19. Rad1 Qa6 20. Nc5 Qxa2 21. Ra1 Qxb2 22. Rxa7 Nf5 23. Qxc4 Bd4 24. Qa2 Bxf2+ 25. Rxf2 Qd4 26. Nb3 Qe3 27. Qa1 Rd8 28. Qe5 Rd1+ 29. Bf1 Qxe5 30. fxe5 Bb7 31. Nc5 Bd5 32. Nd7 Rbb1 33. Nf6+ Kg7 34. Rc7 Ne3 35. h4 Rxf1+ 36. Rxf1 Rxf1+ 37. Kh2 Rxf6 38. exf6+ Kxf6 39. Rc3 Ng4+ 40. Kg1 e5 41. Rc7 Be6 42. c4 Ne3 43. c5 Nd5 44. Ra7 e4 45. c6 Ne7 46. c7 Nc8 47. Ra8 Ke5 48. Kf2 Kd4 49. Ra4+ Ke5 50. Ke3 Nd6 51. Ra5+ Kf6 52. Ra6 Nc4+ 53. Kd4 Nd2 0-1


[Site "https://www.chess.com"]

[Event "Titled Tuesday Blitz June 13 Late 2023"]
[White "sebastianmarinp"]
[Black "Sariego Figueredo, Wilfredo"]
[BlackFideId "3500080"]
[WhiteElo "2384"]
[BlackElo "2309"]
[Result "1-0"]
[Round "3"]
[TimeControl "180+2"]
[Date "2023.06.13"]
[WhiteClock "0:00:04"]
[BlackClock "0:00:00"]
[Board "185"]

1. e4 c5 2. Nf3 a6 3. Be2 b5 4. a4 b4 5. O-O Bb7 6. d3 g6 7. Nbd2 Bg7 8. Nc4 d6 9. a5 Nd7 10. Be3 Ngf6 11. e5 dxe5 12. Nfxe5 O-O 13. Bf3 Bxf3 14. Qxf3 Rc8 15. Qb7 Nxe5 16. Nxe5 Qd6 17. Nc4 Qc6 18. Qxe7 Nd5 19. Qd6 Nxe3 20. Qxc6 Rxc6 21. fxe3 Re8 22. Rae1 Rce6 23. b3 f5 24. Kf2 Bf6 25. Kf3 Bc3 26. Re2 Kf7 27. g4 fxg4+ 28. Kxg4+ Kg7 29. e4 h5+ 30. Kg3 Bf6 31. Ref2 R8e7 32. Rf3 Bd4 33. Kg2 Be5 34. Nb6 Bc7 35. Nd5 Rd7 36. Nf6 Rde7 37. Nd5 Rd7 38. Rf8 Bxa5 39. Ra8 Bd8 40. Nf4 Rc6 41. Nd5 Rcd6 42. Ra1 a5 43. Rf1 Re6 44. Ne3 Bg5 45. Nc4 Bd8 46. Nxa5 Bxa5 47. Rxa5 Re5 48. Ra8 Rg5+ 49. Kh3 1-0


[Site "https://www.chess.com"]

[Event "Titled Tuesday Blitz June 13 Late 2023"]
[White "el_sporco"]
[Black "Lopez Perdomo, Juan David"]
[BlackFideId "4405137"]
[WhiteElo "2382"]
[BlackElo "1965"]
[Result "0-1"]
[Round "3"]
[TimeControl "180+2"]
[Date "2023.06.13"]
[WhiteClock "0:00:04"]
[BlackClock "0:00:06"]
[Board "186"]

1. e4 e6 2. d4 d5 3. Nc3 Bb4 4. e5 c5 5. a3 Ba5 6. b4 cxd4 7. Nb5 Bc7 8. f4 Nh6 9. Nf3 O-O 10. Bd3 a6 11. Nbxd4 Nc6 12. O-O Nxd4 13. Nxd4 Bb6 14. Be3 Nf5 15. Nxf5 exf5 16. Bxb6 Qxb6+ 17. Kh1 Be6 18. Qd2 Rac8 19. Qf2 Qxf2 20. Rxf2 Rc3 21. Kg1 g6 22. Kf1 Rfc8 23. Ke1 a5 24. Kd2 R3c6 25. Rff1 Ra8 26. bxa5 Rxa5 27. Rfb1 Ra4 28. g3 Rc7 29. Rb6 Bd7 30. Rab1 Bc6 31. R1b3 Kg7 32. Kc1 f6 33. exf6+ Kxf6 34. Kb2 Ke7 35. Bb5 Rd4 36. Bd3 Ra4 37. R3b4 Rxb4+ 38. axb4 Kd6 39. Bb5 Kd7 40. Bxc6+ bxc6 41. Kc3 c5 42. bxc5 Rxc5+ 43. Kd3 Rc6 44. Rb7+ Kd6 45. Rxh7 Ra6 46. Rh6 Kc5 47. h4 Ra3+ 48. c3 d4 49. Rxg6 Rxc3+ 50. Kd2 Ra3 51. h5 Kc4 52. Rc6+ Kd5 53. Rg6 Ke4 54. Re6+ Kf3 55. Rd6 Kxg3 56. Rxd4 Kh4 57. h6 Ra6 58. h7 Rh6 59. Ke3 Kg4 60. Rd5 Rxh7 61. Rd6 Rh3+ 62. Kf2 Kxf4 63. Rd4+ Ke5 64. Ra4 Rb3 65. Ra5+ Kf4 66. Ra4+ Kg5 67. Ra8 Rb2+ 68. Kf1 Rb6 69. Ra3 Kg4 70. Kf2 f4 71. Kf1 Rb2 72. Rc3 Rb1+ 73. Kf2 Rb2+ 74. Kf1 Rd2 75. Ra3 Rd5 76. Kf2 Rb5 77. Kf1 f3 78. Kf2 Rb2+ 79. Kg1 Kg3 80. Ra1 Rc2 81. Kh1 Rg2 82. Ra8 Rh2+ 83. Kg1 f2+ 84. Kf1 Rh1+ 85. Ke2 f1=Q+ 86. Kd2 Qf2+ 0-1


[Site "https://www.chess.com"]